 Dungeon Crawl Stone Soup version 0.31.0-11-ge490571c62 (webtiles) character file.

Game seed: 10310923863301233666

4 inmateoo the Sneak (level 1, 0/18 HPs)
             Began as a Human Delver on Jan 28, 2024.
             Slain by a ribbon worm (6 damage)
             ... on level 4 of the Dungeon.
             The game lasted 00:00:41 (331 turns).

inmateoo the Sneak (Human Delver)                    Turns: 331, Time: 00:00:42

Health: 0/18       AC:  3    Str: 12    XL:     1   Next: 70%
Magic:  1/1        EV: 12    Int: 10    God:
Gold:   51         SH:  0    Dex: 14    Spells: 0/0 levels left

rFire   . . .        a - +0 spear
rCold   . . .        (no shield)
rNeg    . . .        b - +0 leather armour
rPois   .            (no helmet)
rElec   .            (no cloak)
rCorr   .            (no gloves)
SInv    .            (no boots)
Will    .....        (no amulet)
Stlth   +++          (no ring)
HPRegen 0.23/turn    (no ring)
MPRegen 0.07/turn

%: no passive effects
@: no status effects
A: explore regen
a: no special abilities


You were on level 4 of the Dungeon.
You visited 1 branch of the dungeon, and saw 2 of its levels.

You collected 51 gold pieces.

Inventory:

Hand Weapons
 a - a +0 spear (weapon)
Armour
 b - a +0 leather armour (worn)
Wands
 g - a wand of digging (3)
Scrolls
 c - a scroll of fog
 d - a scroll of revelation
 e - a scroll of fear
 h - a scroll of blinking {unknown}
Potions
 f - a potion of haste
 i - a potion of lignification {unknown}


   Skills:
 + Level 3.1 Fighting
 + Level 2.1 Polearms
 + Level 2.1 Dodging
 - Level 5.0 Stealth


You couldn't memorise any spells.
You didn't know any spells.
Your spell library was empty.

Dungeon Overview and Level Annotations

Branches:
Dungeon (5/15)
 Temple: D:4-7

Altars:

Annotations:
D:4 2 runed translucent doors, Maffolandro's ghost, amateur HuWn


Innate Abilities, Weirdness & Mutations

You regain HP and MP as you explore.


Message History

Aim: a ribbon worm (severely wounded, about 20% to evade your +0 spear)
You hit the ribbon worm but do no damage.
The ribbon worm is severely wounded.
The ribbon worm closely misses you.
Reach: a) +0 spear
Press: ? - help, Dir - move target, f/p - ribbon worm
Aim: a ribbon worm (heavily wounded, about 20% to evade your +0 spear)
You barely miss the ribbon worm.
The ribbon worm is heavily wounded.
The ribbon worm expels a string of sticky webbing.
The stream of webbing hits you but does no damage.
You are caught in a web!
You cannot attack while caught in a web.
Unknown command.
You cannot attack while caught in a web.
The web tears apart.
The ribbon worm closely misses you.
Reach: a) +0 spear
Press: ? - help, Dir - move target, f/p - ribbon worm
Aim: a ribbon worm (heavily wounded, catching its breath, about 20% to evade your +0 spear)
You hit the ribbon worm.
The ribbon worm is heavily wounded.
The ribbon worm bites you.
Reach: a) +0 spear
Press: ? - help, Dir - move target, f/p - ribbon worm
Aim: a ribbon worm (heavily wounded, catching its breath, about 20% to evade your +0 spear)
You hit the ribbon worm.
The ribbon worm is severely wounded.
Reach: a) +0 spear
Press: ? - help, Dir - move target, f/p - ribbon worm
Aim: a ribbon worm (severely wounded, catching its breath, about 20% to evade your +0 spear)
You hit the ribbon worm.
The ribbon worm is almost dead.
The ribbon worm bites you.
Reach: a) +0 spear
Press: ? - help, Dir - move target, f/p - ribbon worm
Aim: a ribbon worm (severely wounded, catching its breath, about 20% to evade your +0 spear)
You barely miss the ribbon worm.
The ribbon worm is severely wounded.
The ribbon worm bites you.
You die...

... ..### ..#.. #.#
# #.#.# #.# ...
#.#.##.#.# #.#
.....#.#.##.#.# #.#
............>.# #.#
.....#.#w##...# #.#
... #.#@##...# #.# .
#.#.#....# #.##
#.#.#.#..########...
#.#.................
#.#.###..##########.
#.#......# #. .#
#.###.## #. .# #.#
#.# #. .#
#.###.######## #.


You could see a ribbon worm (catching breath).

Vanquished Creatures
  An endoplasm (D:4)
  A giant cockroach (D:4)
  A hobgoblin (D:4)
  A ball python (D:4)
4 creatures vanquished.

Notes
Turn   | Place    | Note
-------+----------+-------------------------------------------
     0 | D:5      | inmateoo the Human Delver began the quest for the Orb.
     0 | D:5      | Reached XP level 1. HP: 18/18 MP: 1/1
    31 | D:5      | Noticed a scorpion
    40 | D:5      | Noticed a phantom
   199 | D:4      | Found a large runed translucent door.
   199 | D:4      | Found a large runed translucent door.
   201 | D:4      | Noticed Maffolandro's ghost (amateur HuWn)
   331 | D:4      | Slain by a ribbon worm

Illustrated notes

Levels and vault maps discovered:
D:4:      layout_basic, ebering_ghost_disaster_area, uniq_natasha
D:5:      layout_loops_ring, minmay_temple_entry_hall

Action                     || total
---------------------------++-------
  Melee: Spear             ||    36
   Stab: Sleeping          ||     2
 Armour: Leather armour    ||    11
  Dodge: Dodged            ||    14
